Map: King's Cove LE

Players

iPlayDefense - Winner!

  • Race: Terran Terran
  • Spawn Location: 5:00

VOD

Have the link to the VOD?

Description

Time

  • Played on: April 11, 2025, 2:29 p.m.
  • Length: 23:11
Show
View Real Time Build Order
Export as new Build Order

iPlayDefense Terran - Winner!

Build Orders:  

Get SALT Encoding   

  12  0:02  SCV  
  13  0:19  SCV  
  14  0:27  Supply Depot  
  14  0:36  Refinery  
  14  0:42  SCV  
  15  0:59  SCV  
  16  1:09  Barracks  
  16  1:17  SCV  
  17  2:15  Orbital Command  
  17  2:16  Barracks Reactor  
  17  2:27  Command Center  
  17  2:45  Engineering Bay  
  17  3:02  SCV  
  18  3:19  SCV  
  19  3:23  Supply Depot  
  19  3:35  Terran Infantry Weapons Level 1  
  19  3:36  SCV  
  20  3:53  SCV  
  21  4:14  Barracks  
  21  4:15  SCV x2  
  23  4:22  Barracks  
  23  4:32  SCV x2  
  25  4:49  SCV x2  
  27  4:59  Refinery  
  27  5:05  SCV  
  27  5:06  SCV  
  29  5:10  Marine x2  
  31  5:22  Barracks Tech Lab, SCV  
  31  5:23  SCV  
  33  5:31  Barracks Tech Lab, Factory  
  33  5:35  Marine x2  
  35  5:43  Stimpack  
  35  5:47  Bunker  
  35  5:55  Orbital Command  
  35  5:58  SCV  
  36  6:00  Marine x2  
  38  6:11  Unknown  
  38  6:15  SCV  
  39  6:25  Marine x2  
  41  6:30  Bunker  
  41  6:32  SCV  
  42  6:49  SCV  
  43  7:01  Factory Tech Lab  
  43  7:06  SCV  
  44  7:11  SCV  
  45  7:28  Marine  
  46  7:56  Command Center  
  46  8:18  Supply Depot  
  46  8:33  SCV, Marine x4  
  51  8:51  Supply Depot  
  51  8:58  SCV, Marine x4  
  51  8:59  SCV  
  57  9:15  SCV  
  57  9:16  SCV  
  57  9:19  Terran Infantry Armor Level 1  
  59  9:23  Marine x4  
  63  9:32  SCV  
  63  9:33  SCV  
  63  9:39  Siege Tank  
  68  9:48  Marine x3  
  68  9:49  SCV  
  72  9:50  SCV  
  73  10:06  SCV  
  73  10:07  SCV x2  
  76  10:13  Marine x2  
  78  10:20  Barracks  
  78  10:24  SCV, Siege Tank  
  77  10:43  Starport  
  69  11:26  Barracks  
  68  11:51  Starport Reactor  
  68  11:58  Supply Depot  
  68  12:02  Command Center  
  68  12:04  Barracks Reactor  
  68  12:18  SCV x2  
  70  12:21  Marine x4  
  74  12:32  Supply Depot  
  74  12:34  Barracks Reactor  
  74  12:35  SCV x2  
  76  12:46  Marine x4, Refinery  
  80  12:52  SCV x2  
  82  13:00  Medivac x2  
  82  13:04  Supply Depot  
  82  13:09  SCV x2  
  88  13:11  Marine x4  
  88  13:18  Refinery  
  92  13:25  SCV  
  92  13:26  SCV  
  94  13:35  Marine  
  94  13:36  Marine x3  
  98  13:42  Medivac  
  98  13:47  SCV  
  98  13:48  SCV  
  102  13:52  Supply Depot  
  102  14:01  Marine x2  
  102  14:08  Supply Depot  
  104  14:12  Supply Depot  
  104  14:24  Supply Depot  
  104  14:26  SCV  
  104  14:27  SCV x2  
  107  14:36  Marine  
  107  14:37  Marine x7  
  107  14:39  Supply Depot  
  115  14:43  SCV x2  
  115  14:44  SCV  
  115  14:45  Supply Depot  
  118  14:55  Medivac x2  
  118  14:57  Supply Depot  
  122  15:01  Marine  
  122  15:02  Marine x7  
  122  15:05  SCV  
  122  15:06  SCV x2  
  133  15:17  Supply Depot  
  133  15:26  Marine  
  133  15:27  Marine x7  
  133  15:29  SCV x3  
  144  15:37  Medivac x2  
  148  15:45  Refinery  
  148  15:51  Marine  
  148  15:52  Marine x7  
  156  16:06  Supply Depot  
  156  16:17  Siege Tank, Marine x2  
  156  16:18  Refinery  
  161  16:30  Armory  
  161  16:36  SCV x3  
  161  16:38  Supply Depot  
  164  17:02  Siege Tank, SCV x3  
  164  17:07  Marine  
  164  17:08  Marine x7  
  178  17:10  Supply Depot  
  178  17:32  Marine  
  178  17:33  Marine x7  
  186  17:47  Siege Tank  
  189  17:55  Factory  
  189  17:57  Marine  
  189  17:58  Marine x7  
  197  18:08  Factory  
  197  18:22  Supply Depot, Marine  
  197  18:23  Marine x2  
  197  18:26  Orbital Command  
  200  18:49  Terran Infantry Weapons Level 2  
  200  18:52  Terran Vehicle Weapons Level 1  
  200  18:55  Supply Depot  
  200  18:59  Factory Tech Lab  
  200  19:09  Factory Tech Lab  
  200  19:27  Supply Depot  
Tags
 
Matchup
Co-op
Replay Pack
DaveSC2
Add a new tag
Caveats
  • Supply blocks, unpowered buildings, or Contaminate may cause inaccurate times.
  • Supply counts are checked every 10 seconds.